 Dungeon Crawl Stone Soup version 0.22.0-40-g68aacdc (webtiles) character file.

440 corax the Ruffian (level 6, -5/62 HPs)
             Began as a Troll Monk on Sept 1, 2018.
             Slain by a troll (8 damage)
             ... on level 4 of the Dungeon.
             The game lasted 00:07:20 (2417 turns).

corax the Ruffian (Troll Monk)                      Turns: 2417, Time: 00:07:21

Health: -5/62      AC:  5    Str: 24    XL:     6   Next: 70%
Magic:  5/5        EV: 11    Int:  6    God:
Gold:   189        SH:  0    Dex: 14    Spells: 5/5 levels left

rFire    . . .     SeeInvis .     - Unarmed
rCold    . . .     Gourm    +   (no shield)
rNeg     . . .     Faith    .   j - +0 animal skin
rPois    .         Spirit   .   (helmet restricted)
rElec    .         Reflect  .   (no cloak)
rCorr    .         Harm     .   (gloves unavailable)
MR       .....     Rnd*Tele +   (boots unavailable)
Stlth    ++........             (no amulet)
HPRegen  0.60/turn              i - +4 ring of strength
MPRegen  0.09/turn              q - ring of teleportation (curse)

@: no status effects
A: large, unfitting armour, claws 3, fast metabolism 3, gourmand, regeneration
1, shaggy fur 1, tough skin 2
a: no special abilities


You were on level 4 of the Dungeon.
You were very full.

You visited 1 branch of the dungeon, and saw 4 of its levels.

You collected 189 gold pieces.

Inventory:

Armour
 j - a +0 animal skin (worn)
Jewellery
 h - an uncursed ring of resist corrosion {unknown}
 i - a +4 ring of strength (left claw)
 q - a cursed ring of teleportation (right claw)
 t - an uncursed ring of fire {unknown}
Wands
 l - a wand of flame (22)
Scrolls
 e - 2 scrolls of teleportation
 f - 2 scrolls of immolation
 g - 4 scrolls of identify
 k - a scroll of blinking {unknown}
 n - a scroll of fear {unknown}
 o - 3 scrolls of remove curse {unknown}
 p - 4 scrolls of enchant armour {unknown}
Potions
 a - 2 potions of resistance
 c - a potion of curing {unknown}
 d - a potion of cancellation {unknown}
 m - a potion of heal wounds {unknown}
 r - a potion of haste {unknown}
Comestibles
 b - 9 rations
 s - a chunk of flesh


   Skills:
 + Level 3.7 Fighting
 + Level 2.9 Throwing
 + Level 3.7 Dodging
 - Level 1.0 Stealth
 + Level 4.5 Unarmed Combat


You had 5 spell levels left.
You didn't know any spells.
Your spell library was empty.

Dungeon Overview and Level Annotations

Branches:
Dungeon (4/15)
 Temple: D:4-7

Altars:
Hepliaklqana
Kikubaaqudgha
Sif Muna
Vehumet
Xom

Shops:
D:4 }


Innate Abilities, Weirdness & Mutations

You are too large for most types of armour.
You have claws for hands.
Your metabolism is lightning-fast.
You like to eat raw meat.
Your natural rate of healing is unusually fast.
You are covered in fur. (AC +1)
You have very tough skin. (AC +2)


Message History

You scratch the troll. Your claw misses the troll.
The troll is heavily wounded.
The troll closely misses you. The troll misses you.
The troll claws you but does no damage.
You claw the troll!
The troll is almost dead.
The troll bites you! The troll claws you!
The troll claws you but does no damage.
You barely miss the troll.
The troll is almost dead.
The troll misses you. The troll claws you. The troll claws you!
* * * LOW HITPOINT WARNING * * *
You barely miss the troll.
The troll is almost dead.
You scratch the troll but do no damage.
The troll is almost dead.
The troll bites you.
* * * LOW HITPOINT WARNING * * *
The troll claws you!
You die...

#.# #
..#############.########.###
#.##
.....#.........##.....#....
....#
#.....#######...........
#..######.#..# #............
#...####.##.## #............
#......##..# #....รท.......
##..#######.####............
##....### #@##.......>......
#..##...####T#..#............
#.#####T..#....###...........
#.. ###.....## ##.....#....
#..# #....#.## ####.#..###
.... #...##.#...######.#.##
..... ....................#.#
#(... #.######.......##)..#.#
#... . #........#.#...###


You could see a troll.

Vanquished Creatures
  Grinder (D:4)
  Jessica (D:3)
  2 iguanas (D:4)
  Robin (D:2)
  4 adders
  A howler monkey skeleton (D:4)
  An ooze (D:2)
  3 worms
  3 dart slugs
  A leopard gecko (D:1)
  5 orcs
  2 giant cockroaches (D:2)
  7 goblins
  13 hobgoblins
  18 jackals
  2 quokkas (D:3)
  4 bats
  8 frilled lizards
  4 kobolds
  5 rats
86 creatures vanquished.

Notes
Turn   | Place    | Note
-------+----------+-------------------------------------------
     0 | D:1      | corax the Troll Monk began the quest for the Orb.
     0 | D:1      | Reached XP level 1. HP: 22/22 MP: 0/0
   107 | D:1      | Reached XP level 2. HP: 29/29 MP: 1/1
   417 | D:1      | Reached skill level 1 in Throwing
   748 | D:2      | Reached XP level 3. HP: 34/36 MP: 2/2
   894 | D:2      | Noticed Robin
   898 | D:2      | Killed Robin
   898 | D:2      | Reached XP level 4. HP: 41/44 MP: 3/3
  1000 | D:2      | Found a deep blue altar of Sif Muna.
  1001 | D:2      | Found a radiant altar of Vehumet.
  1119 | D:2      | Found a hazy altar of Hepliaklqana.
  1446 | D:2      | Found a shimmering altar of Xom.
  1447 | D:2      | Found an ancient bone altar of Kikubaaqudgha.
  1769 | D:3      | Noticed Jessica
  1785 | D:3      | Killed Jessica
  1785 | D:3      | Reached XP level 5. HP: 28/53 MP: 4/4
  2137 | D:4      | Noticed Grinder
  2141 | D:4      | Paralysed by Grinder for 7 turns
  2155 | D:4      | Killed Grinder
  2155 | D:4      | Reached skill level 4 in Unarmed Combat
  2155 | D:4      | Reached XP level 6. HP: 48/61 MP: 5/5
  2271 | D:4      | Found Vanniss's Gadget Shoppe.
  2392 | D:4      | Noticed a troll
  2417 | D:4      | HP: 3/62 [troll (6)]
  2417 | D:4      | Slain by a troll

Skill      XL: |  1  2  3  4  5 |
---------------+----------------+-----
Throwing       | 1 2 |  2.9
Fighting       | 3 |  3.7
Dodging        | 3 |  3.7
Unarmed Combat | 4 |  4.5
Stealth        | |  1.0

Action                   |  1- 3 |  4- 6 || total
-------------------------+-------+-------++-------
Melee: Unarmed           |    81 |   126 ||   207
       Punch             |     3 |       ||     3
  Use: Scroll            |       |     4 ||     4
 Stab: Sleeping          |       |     4 ||     4
  Eat: Chunk             |    14 |    13 ||    27
Armor: Robe              |    32 |     4 ||    36
       Animal skin       |       |    21 ||    21
Dodge: Dodged            |    37 |    51 ||    88
